 Dungeon Crawl Stone Soup version 0.29-a0-451-gfbfa42419e (webtiles) character file.

Game seed: 6018296125438292961

247 bande the Basher (level 6, 0/44 HPs)
             Began as a Gnoll Wanderer on May 19, 2022.
             Slain by an orc
             ... wielding a +0 whip
              (4 damage)
             ... on level 3 of the Dungeon.
             The game lasted 00:06:22 (3922 turns).

bande the Basher (Gnoll Wanderer)                   Turns: 3922, Time: 00:06:22

Health: 0/44       AC:  8    Str: 11    XL:     6   Next: 11%
Magic:  8/8        EV: 11    Int: 10    God:
Gold:   98         SH:  0    Dex: 15    Spells: 8/8 levels left

rFire   . . .      SeeInvis .   u - +3 trident
rCold   + . .      Faith    .   (no shield)
rNeg    . . .      Spirit   .   w - +0 scale mail
rPois   +          Reflect  .   c - +1 helmet
rElec   .          Harm     .   (no cloak)
rCorr   .          Rampage  .   (no gloves)
Will    .....                   (no boots)
Stlth   +.........              (no amulet)
HPRegen 0.14/turn               g - ring of protection from cold
MPRegen 0.11/turn               k - ring of poison resistance

@: no status effects
A: fangs 1, strong nose, distributed training
a: no special abilities


You were on level 3 of the Dungeon.
You visited 1 branch of the dungeon, and saw 4 of its levels.

You collected 98 gold pieces.

Inventory:

Hand Weapons
 a - a +2 mace
 o - a +1 hunting sling of freezing
 u - a +3 trident (weapon)
Armour
 c - a +1 helmet (worn)
 w - a +0 scale mail (worn)
Magical Staves
 p - a staff of air
Jewellery
 g - a ring of protection from cold (left hand)
 j - a ring of positive energy
 k - a ring of poison resistance (right hand)
 m - a ring of positive energy
 n - a ring of resist corrosion
 r - a ring of resist corrosion
Wands
 e - a wand of iceblast (6)
Scrolls
 b - 3 scrolls of teleportation
 d - 3 scrolls of fear
 v - a scroll of enchant armour
Potions
 h - a potion of cancellation {unknown}
 i - a potion of might
 l - 2 potions of resistance
 q - a potion of heal wounds {unknown}
 s - a potion of flight {unknown}
 t - a potion of curing {unknown}


   Skills:
 + Level 1.8 Fighting
 + Level 1.8 Short Blades
 + Level 1.8 Long Blades
 + Level 1.8 Axes
 + Level 10.6 Maces & Flails
 + Level 1.8 Polearms
 + Level 1.8 Staves
 + Level 1.8 Slings
 + Level 1.8 Bows
 + Level 1.8 Crossbows
 + Level 1.8 Throwing
 + Level 3.1 Armour
 + Level 6.8 Dodging
 + Level 3.0 Stealth
 + Level 1.8 Shields
 + Level 1.8 Unarmed Combat
 + Level 1.8 Spellcasting
 + Level 1.4 Conjurations
 + Level 1.4 Hexes
 + Level 1.4 Summonings
 + Level 1.4 Necromancy
 + Level 1.4 Translocations
 + Level 1.4 Transmutations
 + Level 1.4 Fire Magic
 + Level 1.4 Ice Magic
 + Level 1.4 Air Magic
 + Level 1.4 Earth Magic
 + Level 1.4 Poison Magic
 + Level 2.0 Invocations
 + Level 1.8 Evocations


You had 8 spell levels left.
You didn't know any spells.
Your spell library contained the following spells:

 Spells                   Type           Power      Damage    Failure   Level
 Poisonous Vapours        Pois/Air       6%         N/A       83%         2
 Corpse Rot               Necr/Pois/Air  3%         N/A       100%        4


Dungeon Overview and Level Annotations

Branches:
Dungeon (4/15)
 Temple: D:4-7

Altars:
Gozag
Wu Jian
Zin


Innate Abilities, Weirdness & Mutations

You have very sharp teeth.
Your uncanny sense of smell can sniff out nearby items.
Your experience applies equally to all skills.


Message History

The orc barely misses you. The orc hits you with a +0 hand axe.
The hobgoblin hits you. The orc hits you with a +0 club.
* * * LOW HITPOINT WARNING * * *
You closely miss the orc. Your bite misses the orc.
The orc is almost dead.
The orc hits you with a +0 hand axe.
* * * LOW HITPOINT WARNING * * *
The hobgoblin barely misses you. The orc hits you but does no damage. x2
Unknown command.
You closely miss the orc.
The orc is almost dead.
The orc hits you with a +0 whip.
* * * LOW HITPOINT WARNING * * *
The hobgoblin barely misses you. The orc hits you but does no damage.
The orc barely misses you.
Unknown command.
The orc attacks as you move away! The orc hits you but does no damage.
The hobgoblin attacks as you move away! The hobgoblin closely misses you.
The orc attacks as you move away! The orc hits you with a +0 whip.
* * * LOW HITPOINT WARNING * * *
Found a stone staircase leading down.
The hobgoblin attacks as you move away!
The hobgoblin hits you but does no damage.
The hobgoblin attacks as you move away! The hobgoblin barely misses you.
The orc attacks as you move away! The orc hits you with a +0 whip.
* * * LOW HITPOINT WARNING * * *
The hobgoblin closely misses you. The orc attacks as you move away!
The orc hits you with a +0 whip.
* * * LOW HITPOINT WARNING * * *
There is a stone staircase leading up, spattered with blood here.
The orc misses you.
You climb upwards.
There is a stone staircase leading down here.
You hit the orc.
The orc is moderately wounded.
The orc closely misses you.
You hit the orc.
The orc is heavily wounded.
The orc closely misses you. The orc hits you with a +0 whip.
You die...

#.#.# # #.#.# # #.#.# #
#...# # ##..############
# #.............#
#.............#
####[o..........#
###..[@...........#
#...##............#####
#.#.##............'...#
###.######'#........###.#
#.....##......#+###.# #.#
#.#.###...#.#.#.# #.# #.#
#.._..##..#.#.#.# #.# #.#
#####.#.#...<.#.#.###.#
#.#
#.#.....#.#.###.......#
#.#


You could see an orc.

Vanquished Creatures
  A scorpion (D:4)
  Ijyb (D:3)
  Natasha (thrice) (D:3)
  3 adders
  A worm (D:3)
  2 dart slugs
  7 orcs
  5 endoplasms
  2 giant cockroaches (D:1)
  4 hobgoblins
  6 kobolds
  2 quokkas
  5 ball pythons
  2 bats
  2 frilled lizards
  6 goblins
  2 rats
54 creatures vanquished.

Vanquished Creatures (others)
  7 plants (D:4)
7 creatures vanquished.

Grand Total: 61 creatures vanquished

Notes
Turn   | Place    | Note
-------+----------+-------------------------------------------
     0 | D:1      | Reached skill level 10 in Maces & Flails
     0 | D:1      | bande the Gnoll Wanderer began the quest for the Orb.
     0 | D:1      | bande set off with the following items: a +2 mace, a scroll
                  | of teleportation, a +0 helmet, a scroll of fear, a +0
                  | leather armour
     0 | D:1      | Reached XP level 1. HP: 13/13 MP: 1/1
    46 | D:1      | Found a faded altar of an unknown god.
   402 | D:1      | Reached XP level 2. HP: 19/19 MP: 2/2
   953 | D:2      | Found an ornate altar of the Wu Jian Council.
  1074 | D:2      | Reached XP level 3. HP: 25/25 MP: 3/3
  1336 | D:2      | Reached skill level 1 in Invocations
  1673 | D:3      | Reached skill level 1 in Fighting
  1673 | D:3      | Reached skill level 1 in Short Blades
  1673 | D:3      | Reached skill level 1 in Long Blades
  1673 | D:3      | Reached skill level 1 in Axes
  1673 | D:3      | Reached skill level 1 in Polearms
  1673 | D:3      | Reached skill level 1 in Staves
  1673 | D:3      | Reached skill level 1 in Slings
  1673 | D:3      | Reached skill level 1 in Bows
  1673 | D:3      | Reached skill level 1 in Crossbows
  1673 | D:3      | Reached skill level 1 in Throwing
  1673 | D:3      | Reached skill level 1 in Shields
  1673 | D:3      | Reached skill level 1 in Unarmed Combat
  1673 | D:3      | Reached skill level 1 in Spellcasting
  1673 | D:3      | Reached skill level 1 in Evocations
  1759 | D:3      | Found an opulent altar of Gozag.
  2285 | D:3      | Noticed Natasha
  2292 | D:3      | Killed Natasha
  2293 | D:3      | Reached XP level 4. HP: 27/32 MP: 5/5
  2388 | D:3      | Reached skill level 1 in Conjurations
  2388 | D:3      | Reached skill level 1 in Hexes
  2388 | D:3      | Reached skill level 1 in Summonings
  2388 | D:3      | Reached skill level 1 in Necromancy
  2388 | D:3      | Reached skill level 1 in Translocations
  2388 | D:3      | Reached skill level 1 in Transmutations
  2388 | D:3      | Reached skill level 1 in Fire Magic
  2388 | D:3      | Reached skill level 1 in Ice Magic
  2388 | D:3      | Reached skill level 1 in Air Magic
  2388 | D:3      | Reached skill level 1 in Earth Magic
  2388 | D:3      | Reached skill level 1 in Poison Magic
  2407 | D:3      | Noticed Natasha
  2431 | D:3      | Killed Natasha
  2432 | D:3      | Reached XP level 5. HP: 14/37 MP: 6/6
  2567 | D:3      | Noticed Natasha
  2575 | D:3      | Killed Natasha
  2654 | D:3      | Found a glowing silver altar of Zin.
  3347 | D:4      | Noticed Ijyb
  3485 | D:3      | Killed Ijyb
  3903 | D:4      | Reached XP level 6. HP: 31/44 MP: 8/8
  3922 | D:3      | Slain by an orc

Illustrated notes

Levels and vault maps discovered:
D:1:      minmay_arrival_up_and_down, layout_basic, basic_ecumenical_altar,
          patterned_corridor
D:2:      layout_basic, basic_altar
D:3:      layout_basic, zin_academy,
          nicolae_gozag_cash_rules_everything_around_me,
          chequers_serial_rivers_micro_c, uniq_natasha
D:4:      wad_woods_stonehenge, layout_rooms, minmay_misc_feat_pillars,
          uniq_ijyb

Skill      XL: |  1  2  3  4  5 |
---------------+----------------+-----
Maces & Flails | | 10.6
Invocations    | 1 2 |  2.0
Fighting       | 1 |  1.8
Short Blades   | 1 |  1.8
Long Blades    | 1 |  1.8
Axes           | 1 |  1.8
Polearms       | 1 |  1.8
Staves         | 1 |  1.8
Slings         | 1 |  1.8
Bows           | 1 |  1.8
Crossbows      | 1 |  1.8
Throwing       | 1 |  1.8
Shields        | 1 |  1.8
Unarmed Combat | 1 |  1.8
Spellcasting   | 1 |  1.8
Evocations     | 1 |  1.8
Conjurations   | 1 |  1.4
Hexes          | 1 |  1.4
Summonings     | 1 |  1.4
Necromancy     | 1 |  1.4
Translocations | 1 |  1.4
Transmutations | 1 |  1.4
Fire Magic     | 1 |  1.4
Ice Magic      | 1 |  1.4
Air Magic      | 1 |  1.4
Earth Magic    | 1 |  1.4
Poison Magic   | 1 |  1.4
Armour         | 3 |  3.1
Stealth        | 3 |  3.0
Dodging        | |  6.8

Action                   |  1- 3 |  4- 6 || total
-------------------------+-------+-------++-------
Melee: Mace              |    61 |       ||    61
       Bite              |     4 |    12 ||    16
       Trident           |     4 |   104 ||   108
       Punch             |     2 |     1 ||     3
 Fire: Hunting sling     |    19 |       ||    19
  Use: Scroll            |     5 |     2 ||     7
       Potion            |       |     3 ||     3
 Stab: Sleeping          |     7 |     1 ||     8
Armor: Leather armour    |     8 |    14 ||    22
       Scale mail        |       |    44 ||    44
Dodge: Dodged            |    43 |   100 ||   143

Table legend: (Time is in decaauts)
 A = Elapsed time spent in this place.
 B = Non-inter-level travel time spent in this place.
 C = Inter-level travel time spent in this place.
 D = Time resting spent in this place.
 E = Time spent auto-exploring this place.
 F = Levels seen in this place.
 G = Mean time per level.
                   A        B        C        D        E       F      G
               +--------+--------+--------+--------+--------+-----+--------+
         Total |   3965 |   3726 |    239 |   1028 |   1943 |   4 |  991.2 |
       Dungeon |   3965 |   3726 |    239 |   1028 |   1943 |   4 |  991.2 |
               +--------+--------+--------+--------+--------+-----+--------+

Top non-repeatable levels by time:
     D:3: 2272 daAuts
     D:1: 852 daAuts
     D:2: 784 daAuts
     D:4: 56 daAuts
